 Dungeon Crawl Stone Soup version 0.21.1-1-g345015f (webtiles) character file.

7217 poirepourri the Severer (level 10, -1/91 HPs)
             Began as a Minotaur Berserker on July 22, 2018.
             Was a High Priest of Trog.
             Slain by an unseen horror (6 damage)
             ... on level 9 of the Dungeon.
             The game lasted 00:12:16 (8639 turns).

poirepourri the Severer (Minotaur Berserker)        Turns: 8639, Time: 00:12:18

Health: -1/91      AC: 12    Str: 21    XL:     10   Next: 87%
Magic:  9/9        EV: 11    Int:  4    God:    Trog [*****.]
Gold:   497        SH:  0    Dex: 14    Spells: 9/9 levels left

rFire    + . .     SeeInvis .   p - +0 war axe (venom)
rCold    . . .     Gourm    .   (no shield)
rNeg     + . .     Faith    .   E - +0 chain mail {rF+}
rPois    .         Spirit   .   (helmet restricted)
rElec    .         Reflect  .   (no cloak)
rCorr    .         Harm     .   o - +1 pair of gloves
MR       +....                  (no boots)
Stlth    ..........             G - amulet "Zenengy" {+Rage rN+}
HPRegen  0.25/turn              s - ring of protection from magic
MPRegen  0.11/turn              h - ring of stealth

@: about to teleport
A: retaliatory headbutt, horns 2
a: Berserk, Trog's Hand, Brothers in Arms, Burn Spellbooks, Renounce Religion,
Evoke Berserk Rage


You were on level 9 of the Dungeon.
You worshipped Trog.
Trog was extremely pleased with you.
You were not hungry.

You visited 2 branches of the dungeon, and saw 10 of its levels.

You collected 497 gold pieces.

Inventory:

Hand Weapons
 a - the +3 triple sword of Exchange {slice, Int+4 Dex-3 SInv, unknown}
   (Trog gifted it to you on level 8 of the Dungeon)

   It inflicts extra damage upon your enemies.
   It affects your intelligence (+4).
   It affects your dexterity (-3).
   It lets you see invisible.
 b - a +0 hand crossbow
 e - a +2 hand axe of electrocution
 l - the +11 mace of Thoughtfulness {flame, rF++, unknown}
   (You took it off a centaur warrior on level 9 of the Dungeon)

   It has been specially enchanted to burn those struck by it, causing extra
   injury to most foes and up to half again as much damage against particularly
   susceptible opponents.
   It greatly protects you from fire.
 p - a +0 war axe of venom (weapon)
 C - a +0 blowgun
 D - a +0 war axe
Missiles
 f - 74 bolts
 m - 29 poisoned needles
 v - 6 tomahawks (quivered)
Armour
 o - a +1 pair of gloves (worn)
 y - a +0 shield
 E - a +0 chain mail of fire resistance (worn)
Jewellery
 h - a ring of stealth (right hand)
 j - an uncursed amulet of regeneration
 n - an uncursed ring of poison resistance
 s - a ring of protection from magic (left hand)
 w - an uncursed ring of teleportation
 G - the amulet "Zenengy" (around neck) {+Rage rN+}
   (You found it on level 7 of the Dungeon)

   [amulet of rage]

   It protects you from negative energy.
   It lets you go berserk.
Wands
 g - a wand of paralysis (10)
 t - a wand of iceblast (10)
 x - a wand of polymorph (9)
Scrolls
 k - 7 scrolls of teleportation
Potions
 i - a potion of magic {unknown}
 q - a potion of lignification
 r - a potion of flight {unknown}
 u - a potion of mutation {unknown}
 z - a potion of brilliance {unknown}
 H - 2 potions of berserk rage {unknown}
Miscellaneous
 B - a lightning rod (4/4)
Comestibles
 c - 6 rations


   Skills:
 - Level 9.3 Fighting
 + Level 15.6 Axes
 - Level 5.0 Armour
 - Level 6.4 Dodging


You had 9 spell levels left.
You didn't know any spells.

Dungeon Overview and Level Annotations

Branches:
Dungeon (9/15)             Temple (1/1) D:6            Lair (0/6) D:9
    Orc: D:9-12

Altars:
Ashenzari
Cheibriados
Dithmenos
Elyvilon
Fedhas
Gozag
Hepliaklqana
Kikubaaqudgha
Makhleb
Nemelex Xobeh
Okawaru
Qazlal
Ru
Sif Muna
Trog
Uskayaw
Vehumet
Wu Jian
Xom
Yredelemnul
Zin
The Shining One


Innate Abilities, Weirdness & Mutations

You reflexively headbutt those who attack you in melee.
You have a pair of horns on your head.


Message History

* * * LOW HITPOINT WARNING * * *
You feel better. Something hits you.
* * * LOW HITPOINT WARNING * * *
Something hits you.
* * * LOW HITPOINT WARNING * * *
You hit something. You headbutt something. Something hits you.
* * * LOW HITPOINT WARNING * * *
Something hits you but does no damage.
As you read the scroll of teleportation, it crumbles to dust.
You feel strangely unstable. Something hits you but does no damage.
Something hits you.
* * * LOW HITPOINT WARNING * * *
Unknown command.
You miss something. Something hits you!
* * * LOW HITPOINT WARNING * * *
You slash something! You headbutt something.
Something hits you but does no damage.
Unknown command.
Something hits you.
You die...

.# .# # #.#.# ..#.#
############ ....
...........# ..# ..
#.....#.###..###..
+.....+...@......#
##.....#.#######.$#
...............# #..#
.......###†#.#.###..#
## ######.
#†#.#......# .l. #.
#.#...#....######...
#.
#)##..#.............
#.
#.##..#.............
#.#.................


There were no monsters in sight!

Vanquished Creatures
  A two-headed ogre (D:8)
  A centaur warrior (D:9)
  The ghost of Ethylacetat the Carver, a novice NaGl (D:6)
  An unseen horror (D:9)
  Grinder (D:4)
  The ghost of Lucio the Firebug, an amateur HOFE (D:3)
  Prince Ribbit (D:5)
  A wyvern (D:9)
  6 yaks (D:9)
  A basilisk (D:9)
  Edmund (D:4)
  An ice beast (D:5)
  3 orc warriors
  3 sky beasts
  3 phantoms
  An ogre (D:9)
  A centaur (D:8)
  2 big kobolds
  5 bullfrogs
  4 scorpions
  2 howler monkeys
  A centaur zombie (D:8)
  3 crimson imps
  A bullfrog zombie (D:9)
  3 hounds
  6 orc priests
  A bullfrog skeleton (D:5)
  10 orc wizards
  Terence (D:3)
  Jessica (D:3)
  An iguana (D:5)
  Natasha (thrice) (D:4 D:7)
  5 worker ants
  A hound skeleton (D:8)
  2 worker ant zombies (D:8)
  4 gnolls (D:3)
  A howler monkey skeleton (D:9)
  8 adders
  3 shadow imps
  3 adder skeletons
  4 worms
  4 dart slugs
  6 leopard geckos
  34 orcs
  6 bats
  6 giant cockroaches
  4 goblins
  9 hobgoblins
  6 jackals
  3 quokkas
  A ball python (D:2)
  5 frilled lizards
  18 kobolds
  5 rats
210 creatures vanquished.

Vanquished Creatures (others)
  A fungus (D:9)
1 creature vanquished.

Grand Total: 211 creatures vanquished

Notes
Turn   | Place    | Note
-------+----------+-------------------------------------------
     0 | D:1      | poirepourri the Minotaur Berserker began the quest for the Orb.
     0 | D:1      | Reached XP level 1. HP: 19/19 MP: 0/0
   138 | D:1      | Reached skill level 4 in Axes
   147 | D:1      | Reached XP level 2. HP: 25/27 MP: 1/1
   752 | D:1      | Reached ** piety under Trog
   752 | D:1      | Reached skill level 5 in Axes
   752 | D:1      | Reached XP level 3. HP: 29/33 MP: 2/2
  1346 | D:2      | Reached XP level 4. HP: 39/40 MP: 3/3
  1635 | D:2      | Reached skill level 6 in Axes
  2126 | D:3      | Found a sacrificial altar of Ru.
  2175 | D:3      | Noticed Terence
  2184 | D:3      | Killed Terence
  2263 | D:3      | Reached XP level 5. HP: 37/46 MP: 4/4
  2267 | D:3      | Reached skill level 7 in Axes
  2326 | D:3      | Noticed Jessica
  2334 | D:3      | Reached *** piety under Trog
  2337 | D:3      | Killed Jessica
  2669 | D:3      | Reached skill level 8 in Axes
  2669 | D:3      | Reached XP level 6. HP: 42/52 MP: 5/5
  2821 | D:3      | Noticed Lucio's ghost (amateur HOFE)
  2840 | D:3      | Killed Lucio's ghost
  2840 | D:3      | Reached skill level 9 in Axes
  3087 | D:4      | Noticed Edmund
  3087 | D:4      | Noticed Natasha
  3092 | D:4      | Killed Natasha
  3096 | D:4      | Killed Edmund
  3096 | D:4      | Reached XP level 7. HP: 58/58 MP: 6/6
  3198 | D:4      | Reached skill level 10 in Axes
  3515 | D:4      | Noticed Grinder
  3529 | D:4      | Killed Grinder
  3529 | D:4      | Reached skill level 11 in Axes
  3645 | D:5      | Entered Level 5 of the Dungeon
  3918 | D:5      | Reached XP level 8. HP: 67/67 MP: 7/7
  4138 | D:5      | Reached skill level 5 in Fighting
  4378 | D:5      | Noticed Prince Ribbit
  4387 | D:5      | Killed Prince Ribbit
  4387 | D:5      | Reached **** piety under Trog
  5119 | D:6      | Found a staircase to the Ecumenical Temple.
  5134 | Temple   | Entered the Ecumenical Temple
  5519 | D:6      | Noticed Ethylacetat's ghost (novice NaGl)
  5529 | D:6      | Killed Ethylacetat's ghost
  5529 | D:6      | Reached skill level 5 in Dodging
  5529 | D:6      | Reached XP level 9. HP: 83/83 MP: 8/8
  5561 | D:6      | Found a snail-covered altar of Cheibriados.
  5567 | D:6      | Found a bloodstained altar of Trog.
  5568 | D:6      | Found a hide-covered altar of Uskayaw.
  5568 | D:6      | Found a deep blue altar of Sif Muna.
  5568 | D:6      | Found a shattered altar of Ashenzari.
  5569 | D:6      | Found a burning altar of Makhleb.
  5570 | D:6      | Found a radiant altar of Vehumet.
  5571 | D:6      | Found a hazy altar of Hepliaklqana.
  5572 | D:6      | Found a glowing golden altar of the Shining One.
  5573 | D:6      | Found a sacrificial altar of Ru.
  6635 | D:7      | Noticed Natasha
  6645 | D:7      | Killed Natasha
  6813 | D:7      | Noticed Natasha
  6819 | D:7      | Killed Natasha
  6832 | D:7      | Got a heavily runed amethyst amulet
  7034 | D:7      | Identified the amulet "Zenengy" {+Rage rN+} (You found it on level 7 of the Dungeon)
  7188 | D:8      | Reached skill level 5 in Armour
  7198 | D:8      | Reached ***** piety under Trog
  7315 | D:8      | Noticed a two-headed ogre
  7325 | D:8      | Killed a two-headed ogre
  7325 | D:8      | Reached skill level 12 in Axes
  7348 | D:8      | Reached XP level 10. HP: 62/91 MP: 9/9
  7667 | D:8      | Reached skill level 13 in Axes
  7972 | D:9      | Killed an unseen horror
  7978 | D:9      | Reached skill level 14 in Axes
  8085 | D:8      | Received a gift from Trog
  8223 | D:8      | Got a fine triple sword {god gift}
  8358 | D:9      | Noticed a centaur warrior
  8367 | D:9      | Killed a centaur warrior
  8369 | D:9      | Got an uncursed warped mace {flame}
  8476 | D:9      | Identified the Papyrus of Damaging Transmigration
  8547 | D:9      | Found a staircase to the Lair.
  8554 | D:9      | Reached skill level 15 in Axes
  8639 | D:9      | Slain by an unseen horror

Skill      XL: |  1  2  3  4  5  6  7  8  9 10 |
---------------+-------------------------------+-----
Axes           | 4 5 6 8 9 11 12 15 | 15.6
Fighting       | 4 9 |  9.3
Dodging        | 5 6 |  6.4
Armour         | 5 |  5.0

Action                   |  1- 3 |  4- 6 |  7- 9 | 10-12 || total
-------------------------+-------+-------+-------+-------++-------
Melee: Hand axe          |    70 |   116 |   290 |   137 ||   613
       Headbutt          |     6 |    16 |    70 |    45 ||   137
       War axe           |       |       |       |    38 ||    38
 Fire: Blowgun           |       |     2 |       |       ||     2
Throw: Tomahawk          |       |       |     7 |     1 ||     8
Invok: Berserk           |     1 |     4 |     6 |     1 ||    12
       Burn Spellbooks   |       |       |       |     1 ||     1
Evoke: Wand              |       |       |       |     2 ||     2
       Lightning rod     |       |       |       |     1 ||     1
  Use: Scroll            |     4 |     5 |     8 |     6 ||    23
       Potion            |       |     1 |       |     7 ||     8
  Eat: Chunk             |     2 |       |       |       ||     2
       Ration            |       |     3 |     5 |     2 ||    10
Armor: Animal skin       |    15 |       |       |       ||    15
       Chain mail        |     2 |    44 |    85 |    85 ||   216
       Skin              |       |     7 |       |       ||     7
Dodge: Dodged            |    49 |    42 |   106 |    67 ||   264
